 Dungeon Crawl Stone Soup version 0.18.1-6-gd335043 (webtiles) character file.

17669 Gargoyl the Protected (level 12, -2/92 HPs)
             Began as a Demonspawn Abyssal Knight on May 17, 2016.
             Was the Champion of Lugonu.
             Slain by a stone giant (28 damage)
             ... on level 2 of the Orcish Mines.
             The game lasted 00:30:21 (10041 turns).

Gargoyl the Protected (Demonspawn Abyssal Knight)  Turns: 10041, Time: 00:30:21

Health: -2/92      AC: 22    Str: 19    XL:     12   Next: 20%
Magic:  13/13      EV: 11    Int: 14    God:    Lugonu [******]
Gold:   949        SH: 12    Dex: 13    Spells: 0 memorised, 11 levels left

rFire  . . .     SeeInvis .     H - +3 hand axe
rCold  . . .     Gourm    .     F - +0 plate armour
rNeg   . . .     Faith    .     f - +1 shield
rPois  +         Spirit   .     C - +0 hat
rElec  .         Dismiss  .     y - +2 cloak
rCorr  .         Reflect  .     E - +2 pair of gloves
SustAt .         Harm     .     (no boots)
MR     +....                    (no amulet)
Stlth  ..........               b - ring of protection from magic
                                r - ring of poison resistance

@: repel missiles, somewhat resistant to hostile enchantments, extremely
unstealthy
A: antennae 1, repulsion field 3, blink, low mp 1, powered by death 3, spiny 1,
strong 1
a: Blink, Depart the Abyss, Bend Space, Banish, Corrupt, Enter the Abyss, Brand
Weapon With Distortion, Renounce Religion


You were on level 2 of the Orcish Mines.
You worshipped Lugonu.
Lugonu was exalted by your worship.
You were not hungry.

You visited 2 branches of the dungeon, and saw 12 of its levels.
You visited the Abyss 1 time.

You collected 1140 gold pieces.
You spent 191 gold pieces at shops.

Inventory:

Hand Weapons
 n - a +1 flail
 H - a +3 hand axe (weapon)
Armour
 f - a +1 shield (worn)
 y - a +2 cloak (worn)
 C - a +0 hat (worn)
 E - a +2 pair of gloves (worn)
 F - a +0 plate armour (worn)
Jewellery
 b - a ring of protection from magic (right hand)
 r - a ring of poison resistance (left hand)
Wands
 a - a wand of paralysis (5/24)
 h - a wand of flame (28/48)
 j - a wand of iceblast (15/15)
 v - a wand of polymorph (9/24)
Scrolls
 g - 5 scrolls of identify
 q - a scroll of magic mapping
 D - 2 scrolls of remove curse
 I - a scroll of enchant weapon
 J - 5 scrolls of teleportation
Potions
 k - a potion of flight
 l - 3 potions of curing
 m - a potion of resistance
 o - 2 potions of cure mutation
 p - 2 potions of heal wounds {unknown}
 s - 4 potions of degeneration {unknown}
 t - a potion of beneficial mutation {unknown}
 w - 3 potions of magic {unknown}
 z - 3 potions of agility {unknown}
 B - 2 potions of haste {unknown}
 G - a potion of lignification {unknown}
Books
 d - a book of Transfigurations

   Spells                             Type                      Level
   a - Irradiate                      Conjuration/Transmutation    5
   b - Statue Form                    Transmutation/Earth          6
   c - Hydra Form                     Transmutation                6
   d - Dragon Form                    Transmutation                7
Comestibles
 c - 11 bread rations
 i - 2 chunks of flesh
 x - a beef jerky
 A - 4 meat rations


   Skills:
 + Level 7.9 Fighting
 + Level 8.3 Axes
 * Level 11.0 Armour
 + Level 5.6 Dodging
 + Level 0.4 Stealth
 + Level 9.2 Shields
 + Level 3.3 Invocations


You had 11 spell levels left.
You didn't know any spells.

Dungeon Overview and Level Annotations

Branches:
Dungeon (10/15)            Temple (0/1) D:7            Lair (0/8) D:8
    Orc (2/2) D:10
    Elf: Orc:2

Altars:
Cheibriados
Elyvilon
Kikubaaqudgha
Makhleb
Qazlal
Xom
Yredelemnul
The Shining One

Shops:
D:5 (*%**   D:7 :   Orc:2 [:}%


Innate Abilities, Weirdness & Mutations

You have a pair of small antennae on your head.
You are surrounded by a strong repulsion field (EV +4, rMsl).
You regenerate a lot of health from kills.
You are partially covered in sharp spines.
You can translocate small distances at will.
Your magical capacity is low (-10% MP).
Your muscles are strong. (Str +2)


Message History

The stone giant is heavily wounded.
The stone giant is struck by your spines.
The stone giant hits you!
You hit the stone giant.
The stone giant is severely wounded.
The stone giant hits you but does no damage.
You hit the stone giant but do no damage.
The stone giant is severely wounded.
You hit the stone giant.
The stone giant is severely wounded.
The stone giant hits you!!
* * * LOW HITPOINT WARNING * * *
You hit the stone giant.
The stone giant is almost dead.
You block the stone giant's attack.
You hit the stone giant.
The stone giant is almost dead.
The stone giant is struck by your spines.
The stone giant hits you!!
You die...

#.........##.........##.
........
....#......#........##
########
........#...........###
....#...#....#........##
..###...##.###....#....#
.. ##.##### ##....#..##
. ### #.(.....#
##C.##.## #@..### ##.##
### ## ###.## ##....#
#....## ####.....#
###.##.....#
##...........
#.....$......


You could see a stone giant.

Vanquished Creatures
  4 ogre magi (Orc:2)
  Pikel (D:7)
  A hill giant (D:10)
  An orc knight (Orc:1)
  Maurice (D:9)
  2 trolls (Orc:1)
  17 two-headed ogres
  A spriggan (D:7)
  4 yaks
  A hungry ghost (D:10)
  2 hippogriffs
  3 wargs
  A water moccasin (D:7)
  3 sky beasts
  7 orc warriors
  A black bear (D:8)
  An eye of draining (D:9)
  An ice beast (D:9)
  A wasp (D:10)
  21 ogres
  A phantom (D:9)
  2 necrophages
  8 centaurs
  2 big kobolds
  The ghost of Gottschkopf the Conjurer, an amateur DECj of Ru (D:3)
  8 giant frogs
  2 wyvern skeletons
  2 scorpions (D:8)
  5 wights (D:7)
  A killer bee (D:9)
  4 howler monkeys
  3 crimson imps
  A quasit (D:7)
  4 centaur skeletons
  17 orc wizards
  3 giant frog skeletons
  14 orc priests
  9 hounds
  4 worker ants
  A hound zombie (D:8)
  2 hound skeletons (D:9)
  5 gnolls
  A howler monkey skeleton (D:6)
  13 adders
  4 shadow imps
  An ooze (D:3)
  3 adder skeletons
  2 worms
  3 dart slugs
  3 giant geckos
  83 orcs
  6 giant cockroaches
  8 goblins
  4 hobgoblins
  12 jackals
  7 quokkas
  6 bats
  A giant gecko skeleton (D:4)
  4 giant newts
  14 kobolds
  2 quokka skeletons (D:6)
  A quokka zombie (D:5)
  5 rats
356 creatures vanquished.

Vanquished Creatures (others)
  A hill giant (D:10)
  A slave (D:8)
  A hound (D:7)
  A quokka (D:8)
4 creatures vanquished.

Grand Total: 360 creatures vanquished

Notes
Turn   | Place    | Note
--------------------------------------------------------------
     0 | Abyss:1  | Gargoyl the Demonspawn Abyssal Knight began the quest for the Orb.
     0 | Abyss:1  | Reached XP level 1. HP: 18/18 MP: 2/2
    25 | Abyss:1  | Noticed a thrashing horror
    34 | Abyss:1  | Found a corrupted altar of Lugonu.
    56 | Abyss:1  | Noticed a quasit
    60 | Abyss:2  | Found a corrupted altar of Lugonu.
    91 | Abyss:2  | Noticed a bone dragon
   101 | D:1      | Escaped the Abyss
   306 | D:1      | Reached * piety under Lugonu
   404 | D:1      | Reached skill level 2 in Armour
   404 | D:1      | Gained mutation: You have a pair of small antennae on your head. [demonic ancestry]
   404 | D:1      | Reached XP level 2. HP: 24/24 MP: 3/3
  1233 | D:1      | Reached skill level 1 in Dodging
  1233 | D:1      | Gained mutation: You are partially covered in sharp spines. [demonic ancestry]
  1233 | D:1      | Reached XP level 3. HP: 15/29 MP: 4/4
  1956 | D:3      | Gained mutation: You are surrounded by a mild repulsion field (EV +2). [demonic ancestry]
  1956 | D:3      | Reached XP level 4. HP: 27/36 MP: 5/5
  2120 | D:2      | Found a glowing golden altar of the Shining One.
  2181 | D:2      | Reached skill level 1 in Shields
  2190 | D:2      | Reached ** piety under Lugonu
  2358 | D:3      | Found a shimmering altar of Xom.
  2358 | D:3      | Found a snail-covered altar of Cheibriados.
  2358 | D:3      | Noticed Gottschkopf's ghost (amateur DECj)
  2388 | D:3      | Killed Gottschkopf's ghost
  2388 | D:3      | Reached skill level 3 in Armour
  2388 | D:3      | Gained mutation: You are surrounded by a moderate repulsion field (EV +3). [demonic ancestry]
  2388 | D:3      | Reached XP level 5. HP: 38/42 MP: 6/6
  2623 | D:3      | Found a faded altar to an unknown god.
  2938 | D:3      | Gained mutation: You regenerate a little health from kills. [demonic ancestry]
  2938 | D:3      | Reached XP level 6. HP: 46/48 MP: 7/7
  3412 | D:4      | Reached skill level 4 in Armour
  3430 | D:4      | Found an ancient bone altar of Kikubaaqudgha.
  3430 | D:4      | Found a glowing golden altar of the Shining One.
  3454 | D:4      | Reached *** piety under Lugonu
  3552 | D:4      | Gained mutation: You regenerate health from kills. [demonic ancestry]
  3552 | D:4      | Reached XP level 7. HP: 38/54 MP: 8/8
  3588 | D:4      | Found a basalt altar of Yredelemnul.
  3692 | D:4      | Found a white marble altar of Elyvilon.
  3731 | D:4      | Found a burning altar of Makhleb.
  3759 | D:5      | Entered Level 5 of the Dungeon
  3826 | D:5      | Found Feipiteh's General Store.
  3835 | D:5      | Bought a potion of curing for 42 gold pieces
  3904 | D:5      | Found Dutwix's Weapon Emporium.
  4000 | D:5      | Found Boll's General Store.
  4038 | D:5      | Bought a +1 cloak for 149 gold pieces
  4052 | D:5      | Found Roys's Food Shop.
  4082 | D:5      | Found Luekh's Assorted Antiques.
  4260 | D:5      | Reached skill level 5 in Armour
  4266 | D:5      | Gained mutation: You are surrounded by a strong repulsion field (EV +4, rMsl). [demonic ancestry]
  4266 | D:5      | Reached XP level 8. HP: 46/61 MP: 9/9
  4759 | D:6      | Reached **** piety under Lugonu
  5200 | D:6      | Reached skill level 5 in Fighting
  5529 | D:7      | Found Omynlesk's Book Shop.
  5545 | D:7      | Noticed Pikel
  5588 | D:7      | Killed Pikel
  5588 | D:7      | Reached skill level 6 in Armour
  5588 | D:7      | Reached skill level 5 in Shields
  5588 | D:7      | Reached XP level 9. HP: 41/68 MP: 10/10
  5700 | D:7      | Found a stormy altar of Qazlal.
  5910 | D:7      | Reached skill level 5 in Axes
  5910 | D:7      | Reached skill level 7 in Armour
  5938 | D:7      | Found a staircase to the Ecumenical Temple.
  6075 | D:8      | Found a staircase to the Lair.
  6247 | D:8      | Reached ***** piety under Lugonu
  6586 | D:8      | Reached XP level 10. HP: 76/76 MP: 11/11
  6860 | D:9      | Reached skill level 8 in Armour
  6908 | D:9      | Noticed Maurice
  6932 | D:9      | Killed Maurice
  7217 | D:9      | Got a transparent trident
  7218 | D:9      | Identified the +4 trident of Xionlynk {vamp, rElec rN+++ Str-3 Int-3} (You found it on level 9 of the Dungeon)
  7577 | D:9      | Identified a scroll of acquirement
  7923 | D:10     | Entered Level 10 of the Dungeon
  7978 | D:10     | Found a staircase to the Orcish Mines.
  7979 | D:10     | Noticed a hill giant
  8003 | D:10     | Reached skill level 5 in Dodging
  8007 | D:10     | Killed a hill giant
  8007 | D:10     | Reached ****** piety under Lugonu
  8036 | D:10     | Reached skill level 9 in Armour
  8138 | D:10     | Gained mutation: You regenerate a lot of health from kills. [demonic ancestry]
  8138 | D:10     | Reached XP level 11. HP: 83/83 MP: 12/12
  8146 | D:10     | Gained mutation: Your magical capacity is low (-10% MP). [mutagenic meat]
  8147 | D:10     | Gained mutation: Your muscles are strong. (Str +2) [mutagenic meat]
  8148 | D:10     | Gained mutation: You can translocate small distances at will. [mutagenic meat]
  8311 | D:10     | Noticed a hill giant
  8323 | D:10     | Banished a hill giant
  8680 | Orc:1    | Entered Level 1 of the Orcish Mines
  9096 | Orc:2    | Entered Level 2 of the Orcish Mines
  9147 | Orc:2    | Noticed an orc knight
  9216 | Orc:1    | Killed an orc knight
  9345 | Orc:2    | Noticed an ogre mage
  9345 | Orc:2    | Noticed an ogre mage
  9346 | Orc:2    | Found Exomy's Antique Armour Shoppe.
  9346 | Orc:2    | Found Ehyih's Gadget Boutique.
  9346 | Orc:2    | Noticed an ogre mage
  9347 | Orc:2    | Found Utooll's Book Boutique.
  9347 | Orc:2    | Found Doduebax's Food Emporium.
  9361 | Orc:2    | Noticed an ogre mage
  9423 | Orc:2    | Killed an ogre mage
  9423 | Orc:2    | Reached skill level 10 in Armour
  9585 | Orc:2    | Killed an ogre mage
  9795 | Orc:2    | Killed an ogre mage
  9795 | Orc:2    | Reached XP level 12. HP: 74/92 MP: 12/12
  9847 | Orc:2    | Noticed a stone giant
  9989 | Orc:2    | Killed an ogre mage
  9989 | Orc:2    | Reached skill level 11 in Armour
 10041 | Orc:2    | Slain by a stone giant

Skill      XL: |  1  2  3  4  5  6  7  8  9 10 11 12 |
---------------+-------------------------------------+-----
Axes           | 2 3 4 5 6 8 |  8.3
Armour         | 2 3 4 5 6 7 9 10 11 | 11.0
Dodging        | 1 2 3 4 5 |  5.6
Shields        | 1 3 4 5 6 8 9 |  9.2
Fighting       | 4 5 6 7 |  7.9
Invocations    | 3 |  3.3
Stealth        | |  0.4

Action                   |  1- 3 |  4- 6 |  7- 9 | 10-12 || total
-------------------------+-------+-------+-------+-------++-------
Melee: Hand axe          |   109 |   154 |   371 |   696 ||  1330
Throw: Tomahawk          |       |       |       |     4 ||     4
Invok: Depart the Abyss  |     1 |       |       |       ||     1
       Banish            |       |       |       |     2 ||     2
  Use: Scroll            |       |     8 |     7 |     7 ||    22
       Potion            |       |     3 |     2 |       ||     5
  Eat: Chunk             |     4 |     5 |    11 |     6 ||    26
       Beef jerky        |       |       |       |     2 ||     2
       Royal jelly       |       |       |       |     1 ||     1
       Pizza             |       |       |       |     1 ||     1
       Meat ration       |       |       |       |     1 ||     1
Armor: Chain mail        |    66 |    62 |   188 |   177 ||   493
       Plate armour      |       |       |       |    79 ||    79
Dodge: Dodged            |    14 |    25 |   156 |   280 ||   475
       Deflected         |       |       |     1 |    10 ||    11
Block: Shield            |    45 |    81 |   256 |   431 ||   813
